 Dungeon Crawl Stone Soup version 0.25-a0-424-g80bd347 (webtiles) character file.

Game seed: 4509517106922295474, levelgen mode: deterministic

63 Auros the Chopper (level 4, -1/40 HPs)
             Began as a Hill Orc Monk on Jan 23, 2020.
             Slain by Sigmund
             ... wielding a +0 scythe
              (6 damage)
             ... on level 2 of the Dungeon.
             The game lasted 00:06:16 (2679 turns).

Auros the Chopper (Hill Orc Monk)                   Turns: 2679, Time: 00:06:17

Health: -1/40      AC:  2    Str: 14    XL:     4   Next: 10%
Magic:  4/4        EV: 13    Int: 10    God:
Gold:   55         SH:  0    Dex: 13    Spells: 3/3 levels left

rFire    . . .     SeeInvis .   a - +0 hand axe
rCold    . . .     Gourm    .   (no shield)
rNeg     . . .     Faith    .   b - +0 robe
rPois    .         Spirit   .   (no helmet)
rElec    .         Reflect  .   (no cloak)
rCorr    .         Harm     .   (no gloves)
MR       .....                  (no boots)
Stlth    ++........             (no amulet)
HPRegen  0.13/turn              (no ring)
MPRegen  0.09/turn              (no ring)

@: no status effects
A: no striking features
a: no special abilities


You were on level 2 of the Dungeon.
You were not hungry.

You visited 1 branch of the dungeon, and saw 2 of its levels.

You collected 55 gold pieces.

Inventory:

Hand Weapons
 a - a +0 hand axe (weapon)
Missiles
 d - 12 poisoned darts
 j - 8 arrows
 l - 17 bolts
 q - 19 sling bullets
 Z - 44 stones (quivered)
Armour
 b - a +0 robe (worn)
Scrolls
 e - a scroll of enchant weapon {unknown}
 g - 2 scrolls of identify {unknown}
 i - 2 scrolls of amnesia {unknown}
 k - a scroll of remove curse {unknown}
 m - a scroll of teleportation {unknown}
 r - a scroll of magic mapping {unknown}
Potions
 c - a potion of agility {unknown}
 h - a potion of curing
Comestibles
 f - 7 chunks of flesh
 z - 2 rations


   Skills:
 - Level 4.2 Fighting
 + Level 4.9 Axes
 - Level 2.8 Dodging
 - Level 2.2 Stealth


You had 3 spell levels left.
You didn't know any spells.
Your spell library was empty.

Dungeon Overview and Level Annotations

Branches:
Dungeon (2/15)

Altars:
Elyvilon
Zin

Annotations:
D:2 Sigmund


Message History

The magic dart hits you!
* * * LOW HITPOINT WARNING * * *
Sigmund hits you with a +0 scythe!
* * * LOW HITPOINT WARNING * * *
You bump into the rock wall.
You closely miss Sigmund. Sigmund hits you with a +0 scythe!
* * * LOW HITPOINT WARNING * * *
You closely miss Sigmund. Sigmund closely misses you.
You bump into the rock wall.
You bump into the rock wall.
You feel less confused. Sigmund barely misses you.
You hit Sigmund.
Sigmund is moderately wounded.
Sigmund mumbles some strange words.
Sigmund flickers and vanishes!
Deactivating autopickup; reactivate with Ctrl-A.
You barely miss something. Something barely misses you.
You hit something but do no damage. Something hits you.
You die...

....####.....######.##.....##......
....'.......................+......
....####...#.#######.#....###......
...## ##.##.# #.#.#.#.# ##.....
..## ####.# ##.###.##.# ##.... .###
#.# #.## ##...# ##>.. ...# #.#
##<###.#### #####+# ##.# #.#
#{..#.## #...#.รท ##.#########.#
#@##.## ###...#.# ........>....#
#(##.# #.......#
.#.###########..((##.# #......[.
...### #..(((.##. #........ .....#
#..(.(..( # ###...... ...#.#
#.(.(....# ######...#.# .###.#
#....((..# ........##.# ## #.#
#..(...((# ##########.# # #.#
##....(.## #.#


There were no monsters in sight!

Vanquished Creatures
  An adder (D:2)
  An ooze (D:1)
  A dart slug (D:2)
  A ball python (D:2)
  10 giant cockroaches (D:2)
  3 hobgoblins
  4 kobolds (D:2)
  2 quokkas
  3 bats
  4 frilled lizards
  7 goblins
  7 rats
44 creatures vanquished.

Notes
Turn   | Place    | Note
-------+----------+-------------------------------------------
     0 | D:1      | Auros the Hill Orc Monk began the quest for the Orb.
     0 | D:1      | Reached XP level 1. HP: 19/19 MP: 1/1
   328 | D:1      | Reached XP level 2. HP: 15/27 MP: 2/2
   998 | D:2      | Found a white marble altar of Elyvilon.
  1102 | D:2      | Reached XP level 3. HP: 27/33 MP: 3/3
  1180 | D:2      | Found a glowing silver altar of Zin.
  1755 | D:2      | Noticed Sigmund
  2645 | D:2      | Reached XP level 4. HP: 40/40 MP: 4/4
  2679 | D:2      | Slain by Sigmund

Levels and vault maps discovered:
D:1:      lightli_arrival_quake, layout_basic
D:2:      minmay_roachtagon, layout_loops_corners, overflow_temple_1_default,
          marbit_many_paths, uniq_sigmund

Skill      XL: |  1  2 |
---------------+-------+-----
Fighting       | 4 |  4.2
Stealth        | 2 |  2.2
Axes           | |  4.9
Dodging        | |  2.8

Action                   |  1- 3 |  4- 6 || total
-------------------------+-------+-------++-------
Melee: Hand axe          |   108 |    12 ||   120
Throw: Stone             |   112 |    15 ||   127
       Dart              |     5 |       ||     5
  Use: Potion            |     5 |       ||     5
 Stab: Sleeping          |     2 |       ||     2
  Eat: Chunk             |     3 |       ||     3
       Ration            |     1 |       ||     1
Armor: Robe              |    15 |     1 ||    16
Dodge: Dodged            |    79 |     8 ||    87

Table legend:
 A = Non-vault XP
 B = Vault XP
 C = Vault XP percentage of total XP
 D = Non-vault monster count
 E = Vault monster count
 F = Vault count percentage of total count
                 A         B        C        D         E       F
            +---------+---------+-------+---------+---------+-------
      Total |      70 |      21 |  23.1 |      33 |      11 |  25.0
            +---------+---------+-------+---------+---------+-------
        D:1 |      33 |       0 |   0.0 |      18 |       0 |   0.0
        D:2 |      37 |      21 |  36.2 |      15 |      11 |  42.3
            +---------+---------+-------+---------+---------+-------
